| TOP OF THE 1ST |
|
Clemson University Tigers batting - Pitching for University of California Golden Bears : RHP Felix Carranza
|
|
Pitching: RHP Felix Carranza
|
|
|
Batting: RHB Ken Manser
|
0-0: Fly out, F9 (Flyball, 89M, EV 80.0 MPH)
|
|
Batting: SHB Justin Hensley
|
0-0: Fly out, F2 (Popup, 23F, EV 84.4 MPH)
|
|
Batting: LHB Pablo Serrato
|
0-0: Called Strike 0-1: Ball 1-1: Foul Ball, location: 2F 1-2: Strikes out swinging
|
| Top of the 1st over - 0 runs, 0 hits, 0 errors, 0 left on base; Clemson University 0 - University of California 0 |
| BOTTOM OF THE 1ST |
|
University of California Golden Bears batting - Pitching for Clemson University Tigers : RHP Wes Reynolds
|
|
Pitching: RHP Wes Reynolds
|
|
|
Batting: SHB Javon Mitchell
|
0-0: Swinging Strike 0-1: SINGLE (Groundball, 34S, EV 64.4 MPH) (infield hit)
|
|
Batting: RHB Ryan Roberts
|
0-0: Ball 1-0: Called Strike 1-1: Ball 2-1: Called Strike 2-2: Ground out U3 (Groundball, 3S, EV 71.9 MPH) Javon Mitchell to second
|
|
Batting: RHB Tony Harper
|
0-0: Ball Javon Mitchell steals 3rd base 1-0: Ball 2-0: Ground out 5-3 (Groundball, 56, EV 101.9 MPH) Javon Mitchell scores
|
|
Batting: RHB Tommy Hunter
|
0-0: Called Strike 0-1: Called Strike 0-2: Foul Ball, location: 2F 0-2: Ball 1-2: Strikes out swinging, 2-3 out at first.
|
| Bottom of the 1st over - 1 run, 1 hit, 0 errors, 0 left on base; Clemson University 0 - University of California 1 |
| TOP OF THE 2ND |
|
Clemson University Tigers batting - Pitching for University of California Golden Bears : RHP Felix Carranza
|
|
Batting: RHB Jaime Rios
|
0-0: Swinging Strike 0-1: Ball 1-1: Ball 2-1: Swinging Strike 2-2: Foul Ball, location: 2F 2-2: Strikes out swinging
|
|
Batting: LHB Jamie Spangenberg
|
0-0: Ball 1-0: Ball 2-0: Swinging Strike 2-1: Ground out 4-3 (Groundball, 4, EV 86.3 MPH)
|
|
Batting: LHB Pat Fontana
|
0-0: Called Strike 0-1: Ball 1-1: Called Strike 1-2: Ball 2-2: Fly out, F6 (Line Drive, 6, EV 62.5 MPH)
|
| Top of the 2nd over - 0 runs, 0 hits, 0 errors, 0 left on base; Clemson University 0 - University of California 1 |
| BOTTOM OF THE 2ND |
|
University of California Golden Bears batting - Pitching for Clemson University Tigers : RHP Wes Reynolds
|
|
Batting: RHB Devon Dill
|
0-0: Ball 1-0: Ball 2-0: Ball 3-0: Called Strike 3-1: Foul Ball, location: 2F 3-2: Foul Ball, location: 2F 3-2: Base on Balls
|
|
Batting: LHB Dean Luttman
|
0-0: Ball 1-0: SINGLE (Flyball, 78S, EV 91.3 MPH) Devon Dill to second
|
|
Batting: RHB Alex Cardenas
|
0-0: Called Strike 0-1: Grounds into double play, 6-4-3 (Groundball, 6, EV 83.1 MPH) Devon Dill to third
|
|
Batting: RHB Curtis Montgomery
|
0-0: Ball 1-0: Ball 2-0: Called Strike 2-1: Ball 3-1: Base on Balls
|
|
Batting: RHB Rory Cobb
|
0-0: Fly out, F8 (Flyball, 89XD, EV 79.4 MPH)
|
| Bottom of the 2nd over - 0 runs, 1 hit, 0 errors, 2 left on base; Clemson University 0 - University of California 1 |
| TOP OF THE 3RD |
|
Clemson University Tigers batting - Pitching for University of California Golden Bears : RHP Felix Carranza
|
|
Batting: RHB Bartolo Aguilar
|
0-0: Swinging Strike 0-1: Ball 1-1: Ball 2-1: Foul Ball, location: 2F 2-2: SINGLE (Line Drive, 8RS, EV 104.4 MPH)
|
|
Batting: SHB Ronnie Brooks
|
0-0: Ball 1-0: Ball 2-0: Called Strike 2-1: Swinging Strike 2-2: Strikes out looking
|
|
Batting: LHB Ivan Castillo
|
0-0: Ball 1-0: Swinging Strike 1-1: Foul Ball, location: 2F 1-2: Ball 2-2: Strikes out swinging
|
|
Batting: RHB Ken Manser
|
0-0: Fly out, F3 (Line Drive, 3, EV 66.9 MPH)
|
| Top of the 3rd over - 0 runs, 1 hit, 0 errors, 1 left on base; Clemson University 0 - University of California 1 |
| BOTTOM OF THE 3RD |
|
University of California Golden Bears batting - Pitching for Clemson University Tigers : RHP Wes Reynolds
|
|
Batting: SHB Javon Mitchell
|
0-0: Ground out 4-3 (Groundball, 4MD, EV 86.3 MPH)
|
|
Batting: RHB Ryan Roberts
|
0-0: Ball 1-0: Swinging Strike 1-1: Swinging Strike 1-2: Reached on error, E6 (Groundball, 6, EV 83.1 MPH)
|
|
Batting: RHB Tony Harper
|
0-0: Ball 1-0: Ball 2-0: Ball Wild Pitch! Ryan Roberts to third 3-0: Called Strike 3-1: Ground out 6-3 (Groundball, 6, EV 84.4 MPH) Ryan Roberts scores
|
|
Batting: RHB Tommy Hunter
|
0-0: Fly out, F8 (Flyball, 78M, EV 86.9 MPH)
|
| Bottom of the 3rd over - 1 run, 0 hits, 1 error, 0 left on base; Clemson University 0 - University of California 2 |
| TOP OF THE 4TH |
|
Clemson University Tigers batting - Pitching for University of California Golden Bears : RHP Felix Carranza
|
|
Batting: SHB Justin Hensley
|
0-0: Fly out, F8 (Line Drive, 8LM, EV 93.8 MPH)
|
|
Batting: LHB Pablo Serrato
|
0-0: Fly out, F7 (Flyball, 7, EV 84.4 MPH)
|
|
Batting: RHB Jaime Rios
|
0-0: Called Strike 0-1: Foul Ball, location: 2F 0-2: Strikes out looking
|
| Top of the 4th over - 0 runs, 0 hits, 0 errors, 0 left on base; Clemson University 0 - University of California 2 |
| BOTTOM OF THE 4TH |
|
University of California Golden Bears batting - Pitching for Clemson University Tigers : RHP Wes Reynolds
|
|
Batting: RHB Devon Dill
|
0-0: Ball 1-0: Swinging Strike 1-1: Ball 2-1: Foul Ball, location: 2F 2-2: Foul Ball, location: 2F 2-2: DOUBLE (Line Drive, 89XD, EV 110.6 MPH)
|
|
Batting: LHB Dean Luttman
|
0-0: Foul Ball, location: 2F 0-1: Ball 1-1: Ground out 1-3 (Groundball, 34S, EV 68.8 MPH) Devon Dill to third
|
|
Batting: RHB Alex Cardenas
|
0-0: Called Strike 0-1: Fly out, F8 (Flyball, 8RM, EV 85.6 MPH) Runner from 3rd tags up, SCORES, throw by CF
|
|
Batting: RHB Curtis Montgomery
|
0-0: Swinging Strike 0-1: Ball 1-1: Ball 2-1: Fly out, F8 (Flyball, 8RS, EV 91.3 MPH)
|
| Bottom of the 4th over - 1 run, 1 hit, 0 errors, 0 left on base; Clemson University 0 - University of California 3 |
| TOP OF THE 5TH |
|
Clemson University Tigers batting - Pitching for University of California Golden Bears : RHP Felix Carranza
|
|
Batting: LHB Jamie Spangenberg
|
0-0: Ball 1-0: Fly out, F4 (Flyball, 4D, EV 93.1 MPH)
|
|
Batting: LHB Pat Fontana
|
0-0: Called Strike 0-1: Ball 1-1: SINGLE (Groundball, 4D, EV 96.9 MPH)
|
|
Batting: RHB Bartolo Aguilar
|
0-0: Ball 1-0: Ball 2-0: Foul Ball, location: 2F 2-1: Ball 3-1: Swinging Strike 3-2: Foul Ball, location: 2F 3-2: Fly out, F6 (Flyball, 6D, EV 85.6 MPH)
|
|
Batting: SHB Ronnie Brooks
|
0-0: Foul Ball, location: 2F 0-1: Swinging Strike 0-2: Ball 1-2: Strikes out looking
|
| Top of the 5th over - 0 runs, 1 hit, 0 errors, 1 left on base; Clemson University 0 - University of California 3 |
| BOTTOM OF THE 5TH |
|
University of California Golden Bears batting - Pitching for Clemson University Tigers : RHP Wes Reynolds
|
|
Batting: RHB Rory Cobb
|
0-0: Foul Ball, location: 2F 0-1: Called Strike 0-2: Strikes out swinging
|
|
Batting: SHB Javon Mitchell
|
0-0: Called Strike 0-1: Swinging Strike 0-2: Strikes out looking
|
|
Batting: RHB Ryan Roberts
|
0-0: Ball 1-0: Ball 2-0: Ball 3-0: Called Strike 3-1: Fly out, F9 (Flyball, 89S, EV 94.4 MPH)
|
| Bottom of the 5th over - 0 runs, 0 hits, 0 errors, 0 left on base; Clemson University 0 - University of California 3 |
| TOP OF THE 6TH |
|
Clemson University Tigers batting - Pitching for University of California Golden Bears : RHP Felix Carranza
|
|
Batting: LHB Ivan Castillo
|
0-0: Swinging Strike 0-1: Ball 1-1: Ball 2-1: Foul Ball, location: 2F 2-2: Foul Ball, location: 2F 2-2: Ball 3-2: Strikes out swinging
|
|
Batting: RHB Ken Manser
|
0-0: Called Strike 0-1: Ball 1-1: Ball 2-1: Ball 3-1: Base on Balls
|
|
Batting: SHB Justin Hensley
|
0-0: Foul Ball, location: 2F 0-1: Called Strike 0-2: Ball 1-2: Ball 2-2: SINGLE (Groundball, 6D, EV 96.3 MPH) Ken Manser to second
|
|
Pitching: LHP Jayden Carey
|
|
|
Batting: LHB Pablo Serrato
|
|
|
Pinch Hitting: RHB Leo Candelas
|
0-0: Ball 1-0: Fielders Choice at 2nd, 6-4 (Groundball, 6, EV 76.9 MPH) Ken Manser to third
|
|
Batting: RHB Jaime Rios
|
0-0: Ball 1-0: Called Strike 1-1: Foul Ball, location: 2F 1-2: Ground out 1-3 (Groundball, 34S, EV 73.1 MPH)
|
| Top of the 6th over - 0 runs, 1 hit, 0 errors, 2 left on base; Clemson University 0 - University of California 3 |
| BOTTOM OF THE 6TH |
|
University of California Golden Bears batting - Pitching for Clemson University Tigers : RHP Wes Reynolds
|
|
Now in LF: Ryan Starks
|
|
|
Batting: RHB Tony Harper
|
0-0: Ball 1-0: Ball 2-0: Foul Ball, location: 2F 2-1: Fly out, F8 (Flyball, 8RD, EV 94.4 MPH)
|
|
Batting: RHB Tommy Hunter
|
0-0: Swinging Strike 0-1: Ball 1-1: Foul Ball, location: 2F 1-2: Strikes out swinging
|
|
Batting: RHB Devon Dill
|
0-0: Ball 1-0: Foul Ball, location: 2F 1-1: Called Strike 1-2: Foul Ball, location: 2F 1-2: Strikes out swinging
|
| Bottom of the 6th over - 0 runs, 0 hits, 0 errors, 0 left on base; Clemson University 0 - University of California 3 |
| TOP OF THE 7TH |
|
Clemson University Tigers batting - Pitching for University of California Golden Bears : LHP Jayden Carey
|
|
Pitching: RHP Luis Astudillo
|
|
|
Batting: LHB Jamie Spangenberg
|
0-0: SINGLE (Line Drive, 56D, EV 97.5 MPH)
|
|
Batting: LHB Pat Fontana
|
0-0: Grounds out, U3 (Groundball, 3L, EV 84.4 MPH)
|
|
Batting: RHB Bartolo Aguilar
|
0-0: Ball 1-0: Fly out, F8 (Line Drive, 8RM, EV 103.1 MPH)
|
|
Batting: SHB Ronnie Brooks
|
0-0: Ball 1-0: Called Strike 1-1: Ground out U3 (Groundball, 3L, EV 81.3 MPH)
|
| Top of the 7th over - 0 runs, 1 hit, 0 errors, 1 left on base; Clemson University 0 - University of California 3 |
| BOTTOM OF THE 7TH |
|
University of California Golden Bears batting - Pitching for Clemson University Tigers : RHP Wes Reynolds
|
|
Pitching: RHP Jon Wernli
|
|
|
Batting: LHB Dean Luttman
|
0-0: Swinging Strike 0-1: Foul Ball, location: 2F 0-2: Ball 1-2: Foul Ball, location: 2F 1-2: Strikes out looking
|
|
Batting: RHB Alex Cardenas
|
0-0: SINGLE (Groundball, 4D, EV 97.5 MPH)
|
|
Batting: RHB Curtis Montgomery
|
0-0: Ball 1-0: Ball 2-0: Ball 3-0: Called Strike 3-1: Called Strike 3-2: Base on Balls Alex Cardenas to second
|
|
Batting: RHB Rory Cobb
|
0-0: Grounds into double play, 4-6-3 (Groundball, 4, EV 103.8 MPH)
|
| Bottom of the 7th over - 0 runs, 1 hit, 0 errors, 1 left on base; Clemson University 0 - University of California 3 |
| TOP OF THE 8TH |
|
Clemson University Tigers batting - Pitching for University of California Golden Bears : RHP Luis Astudillo
|
|
Batting: LHB Ivan Castillo
|
0-0: Swinging Strike 0-1: Called Strike 0-2: Ball 1-2: Ground out 6-3 (Groundball, 6, EV 90.6 MPH)
|
|
Batting: RHB Ken Manser
|
0-0: Ball 1-0: Swinging Strike 1-1: Ball 2-1: Ball 3-1: Ground out 4-3 (Groundball, 4, EV 86.9 MPH)
|
|
Batting: SHB Justin Hensley
|
0-0: Called Strike 0-1: Swinging Strike 0-2: Strikes out swinging, 2-3 out at first.
|
| Top of the 8th over - 0 runs, 0 hits, 0 errors, 0 left on base; Clemson University 0 - University of California 3 |
| BOTTOM OF THE 8TH |
|
University of California Golden Bears batting - Pitching for Clemson University Tigers : RHP Jon Wernli
|
|
Batting: SHB Javon Mitchell
|
0-0: Fly out, F6 (Flyball, 56D, EV 93.1 MPH)
|
|
Batting: RHB Ryan Roberts
|
0-0: Ball 1-0: Foul Ball, location: 2F 1-1: Ground out 6-3 (Groundball, 56, EV 101.3 MPH)
|
|
Batting: RHB Tony Harper
|
0-0: Called Strike 0-1: Foul Ball, location: 2F 0-2: Ball 1-2: Ball 2-2: Ground out 6-3 (Groundball, 6, EV 77.5 MPH)
|
| Bottom of the 8th over - 0 runs, 0 hits, 0 errors, 0 left on base; Clemson University 0 - University of California 3 |
| TOP OF THE 9TH |
|
Clemson University Tigers batting - Pitching for University of California Golden Bears : RHP Luis Astudillo
|
|
Pitching: RHP Nick Hodge
|
|
|
Batting: RHB Ryan Starks
|
0-0: Swinging Strike 0-1: Ball 1-1: Foul Ball, location: 2F 1-2: SINGLE (Groundball, 34S, EV 73.1 MPH) (infield hit)
|
|
Batting: RHB Jaime Rios
|
0-0: Called Strike 0-1: Foul Ball, location: 2F 0-2: Foul Ball, location: 2F 0-2: Strikes out swinging
|
|
Batting: LHB Jamie Spangenberg
|
0-0: Foul Ball, location: 2F 0-1: Ball 1-1: Ball 2-1: Fielders Choice at 2nd, 5-4 (Groundball, 56, EV 81.3 MPH)
|
|
Batting: LHB Pat Fontana
|
0-0: Ball 1-0: Foul Ball, location: 2F 1-1: Swinging Strike 1-2: Ball 2-2: Strikes out swinging
|
| Top of the 9th over - 0 runs, 1 hit, 0 errors, 1 left on base; Clemson University 0 - University of California 3 |
|